 Dungeon Crawl Stone Soup version 0.31-a0-981-geadf994542 (webtiles) character file.

Game seed: 4004583281067053562

2454 ytrimaz the Covert (level 9, -7/47 HPs)
             Began as an Octopode Shapeshifter on Oct 31, 2023.
             Was an Initiate of Ashenzari.
             Mangled by a yak (15 damage)
             ... on level 9 of the Dungeon on Nov 1, 2023.
             The game lasted 00:07:46 (6200 turns).

ytrimaz the Covert (Octopode Shapeshifter)          Turns: 6200, Time: 00:07:47

Health: -7/47      AC:  5    Str: 13    XL:     9   Next: 50%
Magic:  4/9        EV: 13    Int: 13    God:    Ashenzari [......]
Gold:   292        SH:  0    Dex: 15    Spells: 8/8 levels left

rFire   . .          .
                       - Unarmed
rCold   . . .        (no shield)
rNeg    . . .        (helmet currently unavailable)
rPois   .            (no amulet)
rElec   .            o - ring of the Mantic Submission {AC+4, Dev, Bglg} (curse)
rCorr   .            (no ring)
SInv    .            (no ring)
Will    .....        (no ring)
Stlth   ++++++       (no ring)
HPRegen 0.27/turn    (no ring)
MPRegen 0.11/turn    (no ring)
                     (no ring)

%: no passive effects
@: beast-form
A: beast (slay +1), almost no armour, amphibious, 8 rings, camouflage 1,
gelatinous body 1, (nimble swimmer 1), tentacles, frail 1, no potion heal 1,
MP-powered wands
a: Begin Untransformation, Renounce Religion, Curse Item, Shatter the Chains


You were on level 9 of the Dungeon.
You worshipped Ashenzari.
Ashenzari was noncommittal.
You were a hulking beast.
You visited 2 branches of the dungeon, and saw 9 of its levels.

You collected 292 gold pieces.


Innate Abilities, Weirdness & Mutations

You are a hulking beast.
Your limbs bulge with bestial killing power. (Slay +1)
You cannot wear most types of armour.
You are amphibious.
You can wear up to eight rings at the same time.
Your skin changes colour to match your surroundings (Stealth+).
Your rubbery body absorbs attacks. (AC +1, EV +1)
((You are camouflaged when in or above water. (Stealth+)))
You have tentacles for arms and can constrict up to eight enemies at once.
You are frail. (-10% HP)
Potions are less effective at restoring your health.
You expend magic power (3 MP) to strengthen your wands.


   Skills:
 - Level 1.0 Fighting
 - Level 2.0 Dodging
 - Level 12.0 Stealth
 + Level 9.7 Unarmed Combat
 - Level 3.0(3.3) Shapeshifting


You had 8 spell levels left.
You didn't know any spells.
Your spell library contained the following spells:

 Spells                   Type           Power      Damage    Failure   Level
 Shock                    Conj/Air       0%         1d3       30%         1
 Hailstorm                Conj/Ice       0%         3d3       67%         3
 Swiftness                Air            0%         N/A       67%         3
 Airstrike                Air            0%         2d(0-16)  97%         4
 Summon Ice Beast         Ice/Summ       0%         N/A       97%         4
 Simulacrum               Ice/Necr       0%         N/A       100%        6

Inventory:

Jewellery
 o - the cursed ring of the Mantic Submission (left tentacle) {AC+4, Dev, Bglg}
   (You found it on level 4 of the Dungeon)

   [ring of protection]

   AC+4:      It affects your AC (+4).
   It has a curse which improves the following skills: Devices: Evocations and
   Shapeshifting.
   Beguiling: Conjurations, Hexes and Translocations.
Talismans
 b - a beast talisman
 c - a flux talisman
Wands
 e - a wand of flame (19)
   (You took it off Robin on level 2 of the Dungeon)
Scrolls
 f - 3 scrolls of poison
 g - a scroll of identify
 h - a scroll of torment
Potions
 a - a potion of mutation
 d - 2 potions of curing
 l - a potion of might {unknown}
 m - a potion of haste {unknown}
 n - a potion of resistance {unknown}
 p - a potion of magic {unknown}
 r - a potion of brilliance

Dungeon Overview and Level Annotations

Branches:
Dungeon (9/15) Zot: 25877  Temple (1/1) D:4 Zot: 5968
   Lair: D:8-11         Orc: D:9-12

Altars:
Ashenzari
Cheibriados
Dithmenos
Elyvilon
Fedhas
Gozag
Hepliaklqana
Makhleb
Nemelex Xobeh
Okawaru
Ru
Sif Muna
Trog
Vehumet
Xom
Yredelemnul
Zin

Annotations:
D:3 1 runed translucent door, Crazy Yiuf
D:9 exclusion: rust devil

#####......... .#
#............. ..#
#...##############..#
##########...................#
.........#####...............#
.......#.'...#...............#
.......#.#...#...............#
.........#...#...............#
##'#######...Y.Yh............#
........##...#....<..........#
##########...#...............#
.........#..Y##+#######......#
....###..#.....Y......#......#
.........#............#..###.#
.........#...........Y#..###.#
##########...########'#......#
........##...#.......Y.......#


You could see 2 yaks.


Message History

You feel sick.
Things that are here:
a +0 dagger of chaos; a +0 robe; the human corpse of Psyche 😕 HP[-1]
You take 1 damage, and now have 39/47 hp.
Unknown command.
You feel sick.
You feel sick.
You feel sick.
You feel sick.
You are no longer poisoned.
Key pressed, stopping explore.
Things that are here:
a +0 dagger of chaos; a +0 robe; the human corpse of Psyche Key pressed, stopping explore.
You open the door.
A centaur comes into view. 😎 HP[+8]
Your hp is fully restored (47).
There is an open door here.
The centaur shouts!
The centaur hits you. The centaur misses you. 😕 HP[-1]
You take 1 damage, and now have 46/47 hp.
You bludgeon the centaur! You squeeze the centaur. The centaur hits you.
The centaur kicks you. 😕 HP[-2]
You take 2 damage, and now have 44/47 hp.
You completely miss the centaur. The centaur closely misses you.
The centaur barely misses you. x2; The centaur completely misses you. 😕 HP[+1]
You tentacle-slap the centaur but do no damage.
The centaur misses you.
The centaur kicks you but does no damage.
You bludgeon the centaur!
You kill the centaur!
Key pressed, stopping explore.
No target in view! 😎 HP[+2]
Your hp is fully restored (47).
A rust devil and a neqoxec come into view.
Press: ? - help, v - describe, . - travel
Here: a rust devil (asleep)
The floor.
Placed new exclusion.
There is an open door here.
There is an open door here.
You open the door.
There are monsters nearby!
There are monsters nearby!
The yak bellows! x3
There is an open door here.
You tentacle-slap the yak. The yak gores you but does no damage.
The yak closely misses you.
You tentacle-slap the yak. The yak gores you! x3
* * * LOW HITPOINT WARNING * * *
😨 HP[-29]
You take 29 damage, and now have 18/47 hp.
MASSIVE DAMAGE!! (PAUSE)
Okay, then.
Okay, then.
You tentacle-slap the yak.
Okay, then.
Okay, then. 😨 HP[+1]
The yak misses you.
There is an open door here.
Aiming: Paralyse
Press: ? - help, Q - select action, (/) - cycle Shift-Dir - straight line, f - yak
Aim: a yak (lightly wounded, chance to affect: 52%)
You feel a surge of power!
The yak resists with significant effort. 😨 HP[+1] MP[-3]
You lost 3 mp, and now have 6/9 mp.
Aiming: Paralyse
Press: ? - help, Q - select action, (/) - cycle Shift-Dir - straight line, f/p - yak
Aim: a yak (lightly wounded, chance to affect: 52%)
You feel a surge of power!
The yak suddenly stops moving!
The now-empty wand crumbles to dust.
The yak closely misses you. 😨 MP[-3]
You lost 3 mp, and now have 3/9 mp.
The yak attacks as it pursues you! The yak gores you.
* * * LOW HITPOINT WARNING * * *
😨 HP[-3]
You take 3 damage, and now have 17/47 hp.
The yak attacks as it pursues you! The yak gores you!
* * * LOW HITPOINT WARNING * * *
😱 HP[-9]
You take 9 damage, and now have 8/47 hp. 😱 MP[+1] 😱 HP[+1]
The yak attacks as it pursues you! The yak gores you.
* * * LOW HITPOINT WARNING * * *
There is an open door here. 😱 HP[-2]
You take 2 damage, and now have 7/47 hp.
The yak attacks as it pursues you! The yak gores you but does no damage.
The yak attacks as it pursues you! The yak gores you!
You die...

Skill      XL: |  1  2  3  4  5  6  7  8  9 |
---------------+----------------------------+-----
Stealth        | 1 2 3 4 6 8 11 12 | 12.0
Unarmed Combat | 4 5 6 8 9 |  9.7
Fighting       | |  1.0
Dodging        | |  2.0
Shapeshifting  | |  3.0

Action                     |  1- 3 |  4- 6 |  7- 9 || total
---------------------------+-------+-------+-------++-------
  Melee: Unarmed           |    74 |    84 |   126 ||   284
         Constrict         |    11 |    17 |    19 ||    47
         Tentacles         |     8 |    22 |    30 ||    60
         Punch             |     3 |     1 |     5 ||     9
 Invoke: Curse Item        |       |     1 |       ||     1
  Evoke: Wand              |       |       |     2 ||     2
    Use: Potion            |     3 |     1 |     6 ||    10
         Scroll            |       |     4 |     3 ||     7
   Stab: Sleeping          |     3 |    13 |     5 ||    21
 Armour: Skin              |    85 |    29 |   103 ||   217
  Dodge: Dodged            |    26 |    43 |    99 ||   168

Levels and vault maps discovered:
D:1:      eino_arrival_cavern_a, layout_basic, serial_rivers,
          chequers_serial_rivers_small_a, chequers_serial_rivers_micro_b,
          chequers_serial_rivers_large_b, chequers_serial_rivers_micro_b,
          chequers_serial_rivers_small_a, basic_ecumenical_altar,
          serial_bayou_lagoon_a, minmay_misc_feat_secret_circle,
          amcnicky_mini_corridor_feature, chequers_serial_rivers_micro_a
D:2:      layout_rooms, uniq_robin, uniq_terence
D:3:      layout_loops_ring, minmay_shallow_snake_nest, uniq_crazy_yiuf_cottage
D:4:      layout_basic, minmay_temple_entry_trees, serial_park_tiny_pond
D:5:      layout_basic, mainiacjoe_overflow_chevrons
D:6:      layout_cave_pods, minivault_19
D:8:      layout_loops_corners, chequers_temple_overflow_statue_of_worship,
          nicolae_qazlal_style_of_elements, minmay_lair_entry_grove, uniq_pikel
D:9:      layout_stronghold, nicolae_neqoxec_dot_bat, uniq_erica, uniq_psyche,
          uniq_grum
Temple:   lightli_temple_of_artemis

Notes
Turn   | Place    | Note
-------+----------+-------------------------------------------
     0 | D:1      | ytrimaz the Octopode Shapeshifter began the quest for the
                  | Orb.
     0 | D:1      | Reached XP level 1. HP: 13/13 MP: 1/1
     0 | D:1      | magus.rc [v1.9.6]
    31 | D:1      | Reached skill level 1 in Stealth
    36 | D:1      | Reached XP level 2. HP: 14/18 MP: 2/2
   152 | D:1      | Reached skill level 2 in Stealth
   289 | D:1      | Reached XP level 3. HP: 18/23 MP: 3/3
   378 | D:1      | Found a faded altar of an unknown god.
   935 | D:2      | Noticed Robin
   944 | D:2      | Reached skill level 3 in Stealth
   969 | D:2      | HP: 1/34 [Robin/puff of flame (9)]
   972 | D:2      | Killed Robin
   973 | D:2      | Reached skill level 4 in Unarmed Combat
   973 | D:2      | Reached XP level 4. HP: 12/28 MP: 4/4
  1301 | D:2      | Noticed Terence
  1314 | D:2      | Killed Terence
  1315 | D:2      | Reached skill level 4 in Stealth
  1361 | D:2      | You pick up a book of Air and begin reading...
  1361 | D:2      | You add the spells Shock, Swiftness and Airstrike to your
                  | library.
  1642 | D:3      | Reached XP level 5. HP: 20/33 MP: 5/5
  2020 | D:3      | Found a runed translucent door.
  2021 | D:3      | Noticed Crazy Yiuf
  2711 | D:4      | Found a staircase to the Ecumenical Temple.
  2757 | Temple   | Entered the Ecumenical Temple
  2771 | Temple   | Became a worshipper of Ashenzari the Shackled
  2847 | D:4      | Reached skill level 5 in Stealth
  2952 | D:4      | Reached skill level 5 in Unarmed Combat
  2961 | D:4      | You pick up a book of the Tundra and begin reading...
  2961 | D:4      | You add the spells Hailstorm, Summon Ice Beast and
                  | Simulacrum to your library.
  3040 | D:4      | Noticed an ogre
  3050 | D:4      | Killed an ogre
  3051 | D:4      | Reached skill level 6 in Stealth
  3051 | D:4      | Reached XP level 6. HP: 19/38 MP: 6/6
  3842 | D:5      | Entered Level 5 of the Dungeon
  3842 | D:5      | Noticed a black bear
  3942 | D:5      | Killed a black bear
  3943 | D:5      | Reached XP level 7. HP: 29/43 MP: 7/7
  3947 | D:5      | Reached skill level 7 in Stealth
  3959 | D:5      | Reached skill level 6 in Unarmed Combat
  3972 | D:4      | HP: 10/43 [orc/+0 falchion (2)]
  4489 | D:5      | Reached skill level 8 in Stealth
  4587 | D:5      | Reached XP level 8. HP: 45/48 MP: 8/8
  4593 | D:5      | Reached skill level 7 in Unarmed Combat
  4970 | D:5      | Reached skill level 9 in Stealth
  5012 | D:5      | Found a blossoming altar of Fedhas.
  5057 | D:6      | You fall into a shaft and drop 3 floors!
  5093 | D:8      | Noticed a yak
  5093 | D:8      | Noticed a yak
  5093 | D:8      | Noticed a yak
  5102 | D:9      | Killed a yak
  5130 | D:9      | Noticed Erica
  5143 | D:9      | Killed Erica
  5144 | D:9      | Reached skill level 11 in Stealth
  5144 | D:9      | Reached skill level 8 in Unarmed Combat
  5144 | D:9      | Reached XP level 9. HP: 29/53 MP: 9/9
  5603 | D:9      | HP: 6/53 [yak (10)]
  5608 | D:9      | Gained mutation: You are frail. (-10% HP) [potion of
                  | mutation]
  5608 | D:9      | Gained mutation: Potions are less effective at restoring
                  | your health. [potion of mutation]
  5608 | D:9      | Gained mutation: You expend magic power (3 MP) to
                  | strengthen your wands. [potion of mutation]
  5612 | D:9      | HP: 8/47 [yak (14)]
  5767 | D:9      | magus.rc [v1.9.6]
  5767 | D:9      | magus.rc [v1.9.6]
  5843 | D:9      | Reached skill level 9 in Unarmed Combat
  5947 | D:9      | Noticed Psyche
  5952 | D:9      | Killed Psyche
  5953 | D:9      | Reached skill level 12 in Stealth
  6084 | D:9      | Noticed a rust devil
  6192 | D:9      | HP: 8/47 [yak (10)]
  6197 | D:9      | HP: 7/47 [yak (2)]
  6200 | D:9      | Mangled by a yak

Vanquished Creatures
  Erica (D:9)
  Psyche (D:9)
  A shadow (D:9)
  A wraith (D:9)
  2 yaks (D:9)
  A black bear (D:5)
  An ogre (D:4)
  2 centaurs
  2 phantoms (D:5)
  2 scorpions (D:5)
  3 orc priests
  2 jellies (D:4)
  A sleepcap (D:4)
  2 orc wizards (D:5)
  Terence (D:2)
  Robin (D:2)
  6 adders
  2 ufetubi (D:5)
  4 dart slugs
  13 orcs
  6 endoplasms
  2 giant cockroaches
  18 goblins
  8 hobgoblins
  7 jackals
  3 quokkas
  8 ball pythons
  4 bats
  4 frilled lizards
  4 kobolds
  8 rats
121 creatures vanquished.

Table legend:
 A = Non-vault XP
 B = Vault XP
 C = Vault XP percentage of total XP
 D = Non-vault monster count
 E = Vault monster count
 F = Vault count percentage of total count
                 A         B        C        D         E       F
            +---------+---------+-------+---------+---------+-------
      Total |    2214 |    1292 |  36.9 |     103 |      18 |  14.9
            +---------+---------+-------+---------+---------+-------
        D:1 |      52 |       0 |   0.0 |      31 |       0 |   0.0
        D:2 |      24 |      71 |  74.7 |      15 |      12 |  44.4
        D:3 |      51 |      17 |  25.0 |       9 |       4 |  30.8
        D:4 |     367 |       0 |   0.0 |      21 |       0 |   0.0
        D:5 |     801 |       0 |   0.0 |      22 |       0 |   0.0
        D:9 |     919 |    1204 |  56.7 |       5 |       2 |  28.6
            +---------+---------+-------+---------+---------+-------

Skill      XL: |  1  2  3  4  5  6  7  8  9 |
---------------+----------------------------+-----
Stealth        | 1 2 3 4 6 8 11 12 | 12.0
Unarmed Combat | 4 5 6 8 9 |  9.7
Fighting       | |  1.0
Dodging        | |  2.0
Shapeshifting  | |  3.0

Action                     |  1- 3 |  4- 6 |  7- 9 || total
---------------------------+-------+-------+-------++-------
  Melee: Unarmed           |    74 |    84 |   126 ||   284
         Constrict         |    11 |    17 |    19 ||    47
         Tentacles         |     8 |    22 |    30 ||    60
         Punch             |     3 |     1 |     5 ||     9
 Invoke: Curse Item        |       |     1 |       ||     1
  Evoke: Wand              |       |       |     2 ||     2
    Use: Potion            |     3 |     1 |     6 ||    10
         Scroll            |       |     4 |     3 ||     7
   Stab: Sleeping          |     3 |    13 |     5 ||    21
 Armour: Skin              |    85 |    29 |   103 ||   217
  Dodge: Dodged            |    26 |    43 |    99 ||   168

Illustrated notes

Table legend:
 A = Kills in this place as a percentage of kills in the entire game.
 B = Kills by you in this place as a percentage of kills by you in the entire game.
 C = Kills by friends in this place as a percentage of kills by friends in the entire game.
 D = Other kills in this place as a percentage of other kills in the entire game.
 E = Experience gained in this place as a percentage of experience gained in the entire game.
 F = Experience gained in this place divided by the number of levels of this place that you have seen.
                   A       B       C       D       E      F
               +-------+-------+-------+-------+-------+----------------------
         Total | 100.0 | 100.0 |   N/A |   N/A | 100.0 | 389.6
       Dungeon | 100.0 | 100.0 |   N/A |   N/A | 100.0 | 438.2
               +-------+-------+-------+-------+-------+----------------------

Table legend: (Time is in decaauts)
 A = Elapsed time spent in this place.
 B = Non-inter-level travel time spent in this place.
 C = Inter-level travel time spent in this place.
 D = Time resting spent in this place.
 E = Time spent auto-exploring this place.
 F = Levels seen in this place.
 G = Mean time per level.
                   A        B        C        D        E       F      G
               +--------+--------+--------+--------+--------+-----+--------+
         Total |   6195 |   5934 |    261 |    723 |   4223 |   9 |  688.3 |
       Dungeon |   6164 |   5929 |    235 |    723 |   4223 |   8 |  770.5 |
        Temple |     31 |      5 |     26 |      0 |      0 |   1 |   31.0 |
               +--------+--------+--------+--------+--------+-----+--------+

Top non-repeatable levels by time:
     D:4: 1530 daAuts
     D:9: 1155 daAuts
     D:3: 997 daAuts
     D:1: 932 daAuts
     D:5: 872 daAuts
     D:2: 673 daAuts
  Temple: 31 daAuts
     D:6: 1 daAuts
     D:8: 1 daAuts
